 Dungeon Crawl Stone Soup version 0.29-a0-251-g80730f7218 (webtiles) character file.

Game seed: 8297139067621991536

187 anonymouscript the Magician (level 5, -5/35 HPs)
             Began as a Djinni Fire Elementalist on Mar 6, 2022.
             Killed by divine providence
             ... invoked by an orc priest
              (11 damage)
             ... on level 4 of the Dungeon.
             The game lasted 00:07:48 (3134 turns).

anonymouscript the Magician (DjFE)                  Turns: 3134, Time: 00:07:49

Health: -5/35      AC:  3    Str:  7    XL:     5   Next: 99%
Gold:   84         EV: 12    Int: 19    God:
                   SH:  0    Dex: 13

rFire   + + .      SeeInvis .   l - +2 quarterstaff (chaos)
rCold   x . .      Faith    .   (shield currently unavailable)
rNeg    . . .      Spirit   .   a - +0 robe
rPois   ∞          Reflect  .   (no helmet)
rElec   .          Harm     .   m - +0 cloak
rCorr   .          Rampage  .   (no gloves)
Will    .....                   (boots unavailable)
Stlth   +.........              (no amulet)
HPRegen 0.11/turn               (no ring)
MPRegen 0.00/turn               (no ring)

@: confused, flying
A: sickness immunity, fire resistance 2, cold vulnerability 1, float, innate
caster, HP casting, extra vitality 1
a: no special abilities


You were on level 4 of the Dungeon.
You visited 1 branch of the dungeon, and saw 4 of its levels.

You collected 84 gold pieces.

Inventory:

Hand Weapons
 l - a +2 quarterstaff of chaos (weapon)
 n - a +2 dagger of holy wrath
Armour
 a - a +0 robe (worn)
 g - a scarf of invisibility
 m - a +0 cloak (worn)
Jewellery
 c - a ring of ice
 k - an amulet of the acrobat
Scrolls
 b - a scroll of fog {unknown}
 i - a scroll of enchant weapon {unknown}
Potions
 d - a potion of resistance {unknown}
 e - 2 potions of might {unknown}
 f - a potion of attraction {unknown}
 h - a potion of ambrosia {unknown}
 j - a potion of haste {unknown}


   Skills:
 + Level 0.1 Fighting
 + Level 2.4 Dodging
 + Level 2.2 Stealth
 + Level 4.4 Spellcasting


You couldn't memorise any spells.
You knew the following spells:

 Your Spells              Type           Power      Damage    Failure   Level
a - Foxfire               Conj/Fire      84%        2x1d8     1%          1
b - Scorch                Fire           42%        2d7       3%          2
c - Conjure Flame         Conj/Fire      21%        6-21      6%          3
d - Inner Flame           Hex/Fire       21%        N/A       6%          3
e - Flame Wave            Conj/Fire      21%        2d7       21%         4
f - Pain                  Necr           84%        1d8       1%          1
g - Static Discharge      Conj/Air       21%        N/A       3%          2
Your spell library was empty.

Dungeon Overview and Level Annotations

Branches:
Dungeon (4/15)
 Temple: D:4-7

Altars:

Annotations:
D:3 3 runed translucent doors, fragbeetle's ghost, amateur KoAr


Innate Abilities, Weirdness & Mutations

You are immune to sickness and miasma.
You are immune to poison.
Your flesh is very heat resistant. (rF++)
You are vulnerable to cold. (rC-)
You float through the air rather than walking.
You learn spells naturally, not from books.
Your magical power is your life essence.
You have superior vitality. (+4 MHP)


Message History

The foxfire hits the orc wizard but does no damage.
The orc wizard is severely wounded.
The foxfire hits the orc wizard but does no damage.
The orc wizard is severely wounded.
The orc wizard barely misses you.
The orc priest looks braver for a moment.
Casting: Foxfire (safe; 1% risk of failure)
Press: ? - help, Q - select action, (/) - cycle Dir - look around, f - activate You conjure some foxfire!
The orc priest calls upon Beogh to heal the orc wizard.
The orc wizard is healed somewhat.
The foxfire hits the orc wizard.
The orc wizard is severely wounded.
The foxfire hits the orc priest.
The orc priest is heavily wounded.
The orc priest misses you.
There is a stone staircase leading down here.
You see here a +0 club.
The orc wizard hits you with a +0 dagger.
The orc priest invokes the aid of Beogh against you.
Beogh smites you!
* * * LOW HITPOINT WARNING * * *
You fly downwards.
Found a scroll labelled UWUK NUSKITUCU and 7 gold pieces.
There is a stone staircase leading up here.
The orc wizard gestures wildly while chanting.
The orc wizard flickers and vanishes!
Deactivating autopickup; reactivate with Ctrl-A.
You see here a scroll labelled UWUK NUSKITUCU.
A goblin comes into view. It is wielding a +0 dagger.
The goblin shouts!
You hear a shout! x3; You hear some strange, mumbled words.
You are confused.
A goblin comes into view. It is wielding a +0 club.
You start putting on your amulet.
You continue putting on your amulet of the acrobat.
The orc priest calls down the wrath of Beogh upon you.
Beogh smites you!
Keep equipping yourself?
Uppercase [Y]es or [N]o only, please.
Keep equipping yourself?
You die...

.g #g
#. #.#
#..###
#..$.#
#....#
#@.#
#.?#
#..#
##.#
#o#
#..#
##.#
.# ..


You could see an orc priest and 2 goblins.

Vanquished Creatures
  An orc priest (D:3)
  Crazy Yiuf (D:2)
  An orc wizard (D:3)
  5 adders
  An ufetubus (D:2)
  2 worms (D:2)
  2 dart slugs
  4 orcs
  4 ball pythons
  4 endoplasms
  3 goblins
  5 hobgoblins
  2 frilled lizards
  3 kobolds
  4 rats (D:2)
42 creatures vanquished.

Vanquished Creatures (others)
  117 foxfires
117 creatures vanquished.

Grand Total: 159 creatures vanquished

Notes
Turn   | Place    | Note
-------+----------+-------------------------------------------
     0 | D:1      | anonymouscript the Djinni Fire Elementalist began the quest
                  | for the Orb.
     0 | D:1      | Reached XP level 1. HP: 15/15 MP: 0/0
   112 | D:1      | Found a faded altar of an unknown god.
   414 | D:1      | Reached XP level 2. HP: 20/21 MP: 0/0
   762 | D:2      | Reached skill level 3 in Spellcasting
   763 | D:2      | Reached XP level 3. HP: 20/25 MP: 0/0
   763 | D:2      | Learned a level 1 spell: Pain
   930 | D:2      | Reached XP level 4. HP: 9/31 MP: 0/0
  1973 | D:2      | Found a runed translucent door.
  1974 | D:2      | Noticed Crazy Yiuf
  1982 | D:2      | Killed Crazy Yiuf
  1983 | D:2      | Reached XP level 5. HP: 21/35 MP: 0/0
  1983 | D:2      | Learned a level 2 spell: Static Discharge
  2508 | D:3      | Reached skill level 4 in Spellcasting
  3064 | D:3      | Noticed fragbeetle's ghost (amateur KoAr)
  3074 | D:3      | Found a runed translucent gate.
  3074 | D:3      | Found a runed translucent gate.
  3076 | D:3      | Found a runed translucent gate.
  3134 | D:4      | Killed from afar by an orc priest

Illustrated notes

Levels and vault maps discovered:
D:1:      mrwooster_arrival_arrow, layout_basic,
          shapermc_ecumenical_altar_flowoftime, minmay_misc_feat_rows
D:2:      layout_rooms, patterned_corridor, uniq_crazy_yiuf_cottage
D:3:      layout_basic, grunt_dithmenos_smoke, gammafunk_ghost_split
D:4:      layout_basic, mainiacjoe_overflow_tiny_flanked, uniq_robin

Skill      XL: |  1  2  3  4  5 |
---------------+----------------+-----
Spellcasting   | 3 4 |  4.4
Stealth        | 2 |  2.2
Fighting       | |  0.1
Dodging        | |  2.4

Action                   |  1- 3 |  4- 6 || total
-------------------------+-------+-------++-------
Melee: Unarmed           |     3 |       ||     3
 Cast: Foxfire           |    32 |    40 ||    72
       Scorch            |       |    23 ||    23
       Conjure Flame     |       |     2 ||     2
 Stab: Sleeping          |     1 |       ||     1
Armor: Robe              |       |     2 ||     2
Dodge: Dodged            |     5 |    11 ||    16

Table legend: (Time is in decaauts)
 A = Elapsed time spent in this place.
 B = Non-inter-level travel time spent in this place.
 C = Inter-level travel time spent in this place.
 D = Time resting spent in this place.
 E = Time spent auto-exploring this place.
 F = Levels seen in this place.
 G = Mean time per level.
                   A        B        C        D        E       F      G
               +--------+--------+--------+--------+--------+-----+--------+
         Total |   3140 |   3077 |     63 |    785 |   1804 |   4 |  785.0 |
       Dungeon |   3140 |   3077 |     63 |    785 |   1804 |   4 |  785.0 |
               +--------+--------+--------+--------+--------+-----+--------+

Top non-repeatable levels by time:
     D:2: 1866 daAuts
     D:3: 640 daAuts
     D:1: 629 daAuts
     D:4: 4 daAuts
